 Dungeon Crawl Stone Soup version 0.31-a0-986-g5e6e4ef867 (webtiles) character file.

Game seed: 1999146606106032000

198 Dittersdorf the Shield-Bearer (level 5, -1/34 HPs)
             Began as a Gargoyle Fighter on Nov 3, 2023.
             Slain by a gnoll
             ... wielding a +0 mace
             ... led by a gnoll bouda
              (7 damage)
             ... on level 3 of the Dungeon.
             The game lasted 00:02:43 (2192 turns).

Dittersdorf the Shield-Bearer (Gargoyle Fighter)    Turns: 2192, Time: 00:02:43

Health: -1/34      AC: 14    Str: 22    XL:     5   Next: 76%
Magic:  5/5        EV:  8    Int:  8    God:
Gold:   164        SH:  4    Dex:  9    Spells: 4/4 levels left

rFire   . . .        a - +0 flail
rCold   . . .        c - +0 buckler
rNeg    + + .        t - +0 chain mail
rPois   ∞            (no helmet)
rElec   +            b - +0 cloak
rCorr   .            (no gloves)
SInv    .            (no boots)
Will    +....        g - amulet of the acrobat Stlth
                     h - ring of positive energy
HPRegen 0.25/turn    r - ring of willpower
MPRegen 0.09/turn

%: acrobat
@: no status effects
A: sickness immunity, AC +4, negative energy resistance 1, electricity
resistance, torment resistance 1, petrification resistance
a: no special abilities


You were on level 3 of the Dungeon.
You visited 1 branch of the dungeon, and saw 3 of its levels.

You collected 164 gold pieces.

Inventory:

Hand Weapons
 a - a +0 flail (weapon)
Armour
 b - a +0 cloak (worn)
 c - a +0 buckler (worn)
 t - a +0 chain mail (worn)
Jewellery
 g - an amulet of the acrobat (around neck)
 h - a ring of positive energy (left hand)
 r - a ring of willpower (right hand)
 u - a ring of protection from fire
 v - a ring of fire
Scrolls
 e - 3 scrolls of teleportation {unknown}
 f - a scroll of identify {unknown}
 i - a scroll of immolation {unknown}
 j - a scroll of revelation {unknown}
 k - a scroll of fog {unknown}
 l - a scroll of vulnerability {unknown}
 p - a scroll of noise {unknown}
 q - a scroll of fear {unknown}
Potions
 d - 2 potions of might
 m - a potion of curing {unknown}
 n - a potion of lignification {unknown}
 o - a potion of haste {unknown}
 s - a potion of mutation {unknown}


   Skills:
 + Level 4.4 Fighting
 + Level 3.2 Maces & Flails
 + Level 4.4 Armour
 + Level 4.4 Shields


You had 4 spell levels left.
You didn't know any spells.
Your spell library was empty.

Dungeon Overview and Level Annotations

Branches:
Dungeon (3/15)

Altars:


Innate Abilities, Weirdness & Mutations

You are immune to sickness and miasma.
Your stone body is resilient. (AC +4)
You are immune to poison.
You resist negative energy. (rN+)
You are resistant to electric shocks. (rElec)
You are resistant to unholy torment.
You are immune to petrification.


Message History

The quokka completely misses you. The orc completely misses you.
The quokka attacks as it pursues you! The quokka closely misses you.
You barely miss the quokka. You block the quokka's attack.
You closely miss the quokka. The quokka closely misses you. x2
You hit the quokka but do no damage. The quokka closely misses you.
The quokka bites you but does no damage.
You closely miss the quokka.
The quokka bites you but does no damage.
You closely miss the quokka. The quokka barely misses you.
You hit the quokka.
The quokka is almost dead.
You block the quokka's attack. The quokka closely misses you.
You hit the quokka.
You kill the quokka!
You hit the orc but do no damage. The orc hits you with a +0 falchion.
* * * LOW HITPOINT WARNING * * *
The orc hits you with a +0 falchion.
* * * LOW HITPOINT WARNING * * *
You thump the orc!
You kill the orc!
You barely miss the orc. The orc barely misses you.
You sock the orc!
You kill the orc!
The orc barely misses you.
You closely miss the orc. The orc hits you but does no damage.
You closely miss the orc. The orc hits you but does no damage.
You closely miss the orc. The orc closely misses you.
You sock the orc!
You kill the orc!
The gnoll closely misses you.
You thump the gnoll!
You kill the gnoll!
You sock the gnoll!
The gnoll is severely wounded.
The gnoll hits you with a +0 mace.
* * * LOW HITPOINT WARNING * * *
You hit the gnoll.
The gnoll is almost dead.
The gnoll hits you with a +0 mace!
You die...

#...# #.# ............... #
.##.## #.# ...............
#
.##..####.##...............
#
.'.........##..............
#
.###.#####..##......(.....#
# .#
#..####..###...og.....# #
## ##........###..g.....# #
#.........#####''# #
#...........@ggK.# #
#.......########## #
#.....>.# # ###...†...# #
#.........# #.........#
#.........## #..........#
#..........#


You could see a gnoll, a hobgoblin and a kobold.

Vanquished Creatures
  A hound (D:3)
  Crazy Yiuf (D:2)
  2 gnolls (D:3)
  5 adders
  2 worms (D:2)
  A dart slug (D:2)
  5 orcs (D:3)
  7 endoplasms
  4 giant cockroaches
  2 hobgoblins
  8 kobolds
  5 quokkas
  8 ball pythons
  3 bats (D:1)
  A frilled lizard (D:3)
  5 goblins
  3 rats
63 creatures vanquished.

Notes
Turn   | Place    | Note
-------+----------+-------------------------------------------
     0 | D:1      | Dittersdorf the Gargoyle Fighter began the quest for the
                  | Orb.
     0 | D:1      | Reached XP level 1. HP: 14/14 MP: 1/1
   152 | D:1      | Reached XP level 2. HP: 19/19 MP: 2/2
   401 | D:1      | Reached XP level 3. HP: 23/23 MP: 3/3
   985 | D:2      | Reached XP level 4. HP: 29/29 MP: 4/4
   989 | D:2      | Identified the +5 dagger "Tudwergh" {freeze, Dex+3}
  1012 | D:2      | Found a runed translucent door.
  1013 | D:2      | Noticed Crazy Yiuf
  1603 | D:3      | Reached XP level 5. HP: 31/33 MP: 5/5
  1644 | D:2      | Killed Crazy Yiuf
  2192 | D:3      | Slain by a gnoll

Illustrated notes

Levels and vault maps discovered:
D:1:      minmay_arrival_pointy, layout_loops_ring
D:2:      wander_river, layout_basic, serial_corexii_hall,
          corexii_hall_statues_x, corexii_hall_statues_s,
          chequers_hall_statues_wall_a, corexii_hall_statues_i,
          uniq_crazy_yiuf_cottage
D:3:      kennysheep_big_flooded_room, layout_basic, minmay_strange_pillars

Skill      XL: |  1  2  3  4 |
---------------+-------------+-----
Fighting       | 4 |  4.4
Armour         | 4 |  4.4
Shields        | 4 |  4.4
Maces & Flails | 3 |  3.2

Action                     |  1- 3 |  4- 6 || total
---------------------------+-------+-------++-------
  Melee: Flail             |    88 |    92 ||   180
 Armour: Scale mail        |    73 |    31 ||   104
         Chain mail        |       |    76 ||    76
  Dodge: Dodged            |    60 |    66 ||   126
  Block: Buckler           |    18 |    23 ||    41

Table legend: (Time is in decaauts)
 A = Elapsed time spent in this place.
 B = Non-inter-level travel time spent in this place.
 C = Inter-level travel time spent in this place.
 D = Time resting spent in this place.
 E = Time spent auto-exploring this place.
 F = Levels seen in this place.
 G = Mean time per level.
                   A        B        C        D        E       F      G
               +--------+--------+--------+--------+--------+-----+--------+
         Total |   2268 |   2205 |     63 |     73 |   1672 |   3 |  756.0 |
       Dungeon |   2268 |   2205 |     63 |     73 |   1672 |   3 |  756.0 |
               +--------+--------+--------+--------+--------+-----+--------+

Top non-repeatable levels by time:
     D:2: 951 daAuts
     D:1: 667 daAuts
     D:3: 648 daAuts
